 Dungeon Crawl Stone Soup version 0.20.1-1-g8b1a95d (webtiles) character file.

6105 vatarom the Martial Artist (level 10, -3/88 HPs)
             Began as a Green Draconian Transmuter on Sept 5, 2017.
             Was a Believer of Ashenzari.
             Shot with an arrow by a centaur (9 damage)
             ... on level 10 of the Dungeon.
             The game lasted 00:30:18 (10878 turns).

vatarom the Martial Artist (DrTm)                  Turns: 10878, Time: 00:30:19

Health: -3/88      AC:  6    Str: 13    XL:     10   Next: 58%
Magic:  18/18      EV: 12    Int: 20    God:    Ashenzari [**....]
Gold:   337        SH:  4    Dex: 14    Spells: 9/19 levels left

rFire    . . .     SeeInvis .     - Unarmed
rCold    + + +     Gourm    .   (shield currently unavailable)
rNeg     . . .     Faith    .   (armour unavailable)
rPois    +         Spirit   .   (helmet currently unavailable)
rElec    .         Reflect  +   (cloak currently unavailable)
rCorr    .         Harm     .   (gloves currently unavailable)
MR       .....                  (boots currently unavailable)
Stlth    +.........             y - +4 amulet of reflection
Regen    0.3/turn               d - +4 ring of intelligence
MPRegen  0.2/turn               e - ring of protection from fire

@: ice-form, flying
A: (breathe noxious fumes), unfitting armour, clever 1, frail 1, AC +7
a: End Transformation, Curse Item, Scrying, Renounce Religion


You were on level 10 of the Dungeon.
You worshipped Ashenzari.
Ashenzari was pleased with you.
You were not hungry.
You were a creature of crystalline ice.
You visited 2 branches of the dungeon, and saw 11 of its levels.
You also visited: Ossuary.

You collected 337 gold pieces.

Inventory:

Missiles
 a - 109 arrows
Armour
 k - a +0 buckler (melded)
 l - a cursed +0 cloak (melded)
Magical Staves
 x - an uncursed staff of earth
Jewellery
 d - a +4 ring of intelligence (left front paw)
 e - a ring of protection from fire (right front paw)
 p - an uncursed ring of fire
 y - a +4 amulet of reflection (around neck)
 A - an uncursed ring of ice
Wands
 q - a wand of random effects (28/48)
 z - a wand of confusion (20/48)
 D - a wand of flame (23/48)
 E - a wand of confusion (16/48)
 H - a wand of iceblast (10/15)
 I - a wand of random effects (19/48)
 K - a wand of iceblast (9/15)
Scrolls
 g - 4 scrolls of remove curse
 j - 8 scrolls of identify
 s - 3 scrolls of teleportation
 t - 2 scrolls of enchant armour
 w - 3 scrolls of recharging
 F - a scroll of fog
Potions
 f - 2 potions of cancellation
 m - a potion of invisibility
 n - a potion of resistance
 v - a potion of brilliance
 B - a potion of might
 C - 2 potions of magic
 J - a potion of heal wounds {unknown}
Books
 b - a book of Changes

   Spells                             Type                      Level
   a - Beastly Appendage              Transmutation                1
   b - Sticks to Snakes               Transmutation                2
   c - Spider Form                    Transmutation/Poison         3
   d - Ice Form                       Ice/Transmutation            4
   e - Blade Hands                    Transmutation                5
 c - a book of Burglary

   Spells                             Type                      Level
   a - Swiftness                      Charms/Air                   2
   b - Passwall                       Transmutation/Earth          2
   c - Passage of Golubria            Translocation                4
   d - Lee's Rapid Deconstruction     Earth                        5
   e - Darkness                       Hexes                        6
   f - Invisibility                   Hexes                        6
 M - a book of Enchantments

   Spells                             Type                      Level
   a - Cause Fear                     Hexes                        4
   b - Yara's Violent Unravelling     Hexes/Transmutation          5
   c - Silence                        Hexes/Air                    5
   d - Deflect Missiles               Charms/Air                   6
   e - Discord                        Hexes                        8
Comestibles
 h - 2 meat rations
 i - 4 royal jellies
 o - 3 fruits
 u - 6 bread rations
 L - a chunk of flesh


   Skills:
 - Level 5.9 Fighting
 - Level 5.4 Dodging
 - Level 4.0 Shields
 + Level 9.3 Unarmed Combat
 * Level 5.4 Spellcasting
 - Level 5.5 Transmutations
 - Level 4.6 Ice Magic
 - Level 5.0 Poison Magic


You had 9 spell levels left.
You knew the following spells:

 Your Spells              Type           Power        Failure   Level  Hunger
a - Beastly Appendage     Tmut           ####..       1%          1    None
b - Sticks to Snakes      Tmut           ####....     1%          2    None
c - Spider Form           Tmut/Pois      ####......   3%          3    ##.....
d - Ice Form              Ice/Tmut       ####....     13%         4    ####...


Dungeon Overview and Level Annotations

Branches:
Dungeon (10/15)            Temple (1/1) D:5
   Lair: D:8-11         Orc: D:9-12

Altars:
Ashenzari
Cheibriados
Dithmenos
Elyvilon
Fedhas
Gozag
Hepliaklqana
Kikubaaqudgha
Makhleb
Nemelex Xobeh
Okawaru
Qazlal
Ru
Sif Muna
Trog
Uskayaw
Vehumet
Xom
Yredelemnul
Zin
The Shining One

Shops:
D:5 %=   D:6 (

Annotations:
D:4 kae's ghost, novice DsGl


Innate Abilities, Weirdness & Mutations

((You can breathe blasts of noxious fumes.))
((Your lurid green scales are hard. (AC +7)))
You cannot fit into any form of body armour.
((Your system is resistant to poisons. (rPois)))
((You are cold-blooded and may be slowed by cold attacks.))
((Your large and strong wings let you fly indefinitely.))
Your mind is acute. (Int +2)
You are frail. (-10% HP)


Message History

You feel better.
The orc shouts!
The troll bites you!
* * * LOW HITPOINT WARNING * * *
The troll misses you. The troll barely misses you.
A centaur comes into view.
The centaur shouts!
The centaur wields a shortbow.
The centaur shoots an arrow.
The arrow hits you.
* * * LOW HITPOINT WARNING * * *
You see here an arrow.
Okay, then.
You are confused.
You feel invigorated.
The centaur shoots an arrow.
The arrow hits you!
* * * LOW HITPOINT WARNING * * *
You see here an arrow.
You feel less invigorated.
You feel less confused.
The centaur shoots an arrow.
The arrow hits you!
You die...

.. ....,.......................
..##...##........###.#####.#...
, ............c....#
#.#.....#... *
#..........o<....# #.#.##..##.#
#................# #.#.##.....#
#................# #.#.##......
#.........[......###+#.########
###...........((............#
...............TY...........#
##..........................##
.#...........................#
.#...........................#
..............##########.....#
###...........# #.....#
..............# #.....#
..............# #.....#
....########### #.....#


You could see a troll, a centaur and an orc.

Vanquished Creatures
  A two-headed ogre (D:8)
  The ghost of Chorizorro the Vandal, a novice CeGl of Gozag (D:6)
  Joseph (D:9)
  Psyche (D:9)
  The ghost of Agrougrou the Thaumaturge, a novice DEWz (D:5)
  Prince Ribbit (D:8)
  A hippogriff (D:7)
  Sigmund (D:3)
  A spriggan (D:7)
  A wyvern (D:9)
  A steam dragon (D:10)
  Edmund (D:6)
  2 water moccasins
  2 ice beasts
  A sky beast (D:9)
  An orc warrior (D:6)
  3 ogres
  2 black bears
  A phantom (D:5)
  The ghost of vatarom the Ruffian, an amateur DrTm (D:3)
  3 centaurs
  A bullfrog (D:9)
  4 water moccasin zombies (Ossuary)
  2 scorpions
  3 howler monkeys (D:8)
  3 wights (D:8)
  A bullfrog zombie (D:7)
  A jelly (D:7)
  A quasit (D:7)
  5 orc priests
  A centaur skeleton (D:4)
  3 hounds
  A bullfrog skeleton (D:7)
  Natasha (twice) (D:3)
  9 orc wizards
  4 worker ants
  3 big kobold zombies (Ossuary)
  2 mummies (Ossuary)
  4 gnolls (D:3)
  8 adders
  3 shadow imps
  An ooze (D:5)
  4 adder zombies (Ossuary)
  3 adder skeletons
  2 worms
  A dart slug (D:1)
  4 leopard geckos
  25 orcs
  5 bats
  3 giant cockroaches
  7 gnoll zombies (Ossuary)
  7 goblins
  10 hobgoblins
  4 jackals (D:2)
  3 frilled lizards (D:1)
  2 giant cockroach zombies
  3 hobgoblin zombies (Ossuary)
  4 kobolds (D:1)
  8 kobold zombies (Ossuary)
  A leopard gecko skeleton (D:7)
  6 orc zombies (Ossuary)
  7 rats
199 creatures vanquished.

Vanquished Creatures (collateral kills)
  An ice beast (D:5)
  An adder (D:4)
  3 orcs (D:4)
  A frilled lizard (D:4)
6 creatures vanquished.

Vanquished Creatures (others)
  A giant cockroach (D:5)
1 creature vanquished.

Grand Total: 206 creatures vanquished

Notes
Turn   | Place    | Note
-------+----------+-------------------------------------------
     0 | D:1      | vatarom the Draconian Transmuter began the quest for the Orb.
     0 | D:1      | Reached XP level 1. HP: 16/16 MP: 3/3
    87 | D:1      | Reached XP level 2. HP: 22/23 MP: 3/5
   214 | D:1      | Learned a level 2 spell: Sticks to Snakes
   250 | D:1      | Reached skill level 4 in Unarmed Combat
   891 | D:2      | Reached XP level 3. HP: 25/28 MP: 4/6
  1171 | D:2      | Learned a level 3 spell: Spider Form
  1447 | D:3      | Noticed Sigmund
  1624 | D:3      | Killed Sigmund
  1624 | D:3      | Reached XP level 4. HP: 7/35 MP: 1/7
  1624 | D:3      | Reached XP level 5. HP: 8/40 MP: 1/8
  1947 | D:3      | Noticed an ice beast
  2145 | D:3      | Noticed Natasha
  2152 | D:3      | Killed Natasha
  2414 | D:3      | Reached XP level 6. HP: 45/47 MP: 9/9
  2435 | D:3      | Noticed vatarom's ghost (amateur DrTm)
  2796 | D:3      | Killed vatarom's ghost
  2796 | D:3      | Reached skill level 5 in Unarmed Combat
  3193 | D:3      | Noticed Natasha
  3205 | D:3      | Killed Natasha
  3877 | D:4      | Found a glowing silver altar of Zin.
  3878 | D:4      | Found a sparkling altar of Nemelex Xobeh.
  3879 | D:4      | Found a white marble altar of Elyvilon.
  3880 | D:4      | Found a shattered altar of Ashenzari.
  3892 | D:4      | Became a worshipper of Ashenzari the Shackled
  3897 | D:4      | Noticed kae's ghost (novice DsGl)
  4081 | D:3      | Your scales start taking on a lurid green colour.
  4081 | D:3      | Reached skill level 5 in Poison Magic
  4081 | D:3      | Reached XP level 7. HP: 17/53 MP: 7/10
  4081 | D:3      | Gained mutation: Your system is resistant to poisons. (rPois) [Green Draconian growth]
  4380 | D:3      | Learned a level 4 spell: Ice Form
  4502 | D:4      | Reached skill level 1 in Ice Magic
  4784 | D:5      | Entered Level 5 of the Dungeon
  4946 | D:5      | Found a staircase to the Ecumenical Temple.
  4971 | Temple   | Entered the Ecumenical Temple
  5299 | D:5      | Found a sand-covered staircase.
  5305 | D:5      | Found Cagasug's Jewellery Shoppe.
  5308 | Ossuary  | Entered an ossuary
  5503 | Ossuary  | Reached XP level 8. HP: 18/61 MP: 1/11
  5653 | Ossuary  | Reached skill level 5 in Transmutations
  5910 | D:5      | Found Qumilyim's Food Shop.
  6333 | D:5      | Noticed Agrougrou's ghost (novice DEWz)
  6346 | D:6      | Noticed Edmund
  6374 | D:6      | Killed Edmund
  6423 | D:6      | Reached skill level 6 in Unarmed Combat
  6451 | D:6      | Noticed Chorizorro's ghost (novice CeGl)
  6575 | D:5      | Gained mutation: Your large and strong wings let you fly indefinitely. [potion of mutation]
  6575 | D:5      | Gained mutation: You are frail. (-10% HP) [potion of mutation]
  6575 | D:5      | Gained mutation: Your mind is acute. (Int +2) [potion of mutation]
  6593 | D:5      | Killed Agrougrou's ghost
  6985 | D:6      | Killed Chorizorro's ghost
  6985 | D:6      | Reached XP level 9. HP: 18/64 MP: 9/12
  7270 | D:6      | Reached skill level 7 in Unarmed Combat
  7355 | D:6      | Found an opulent altar of Gozag.
  7453 | D:6      | Reached skill level 5 in Fighting
  7464 | D:6      | Found Ynaotee's Weapon Boutique.
  7634 | D:7      | Reached skill level 5 in Dodging
  7659 | D:7      | Reached * piety under Ashenzari
  8265 | D:7      | Reached skill level 1 in Shields
  8295 | D:7      | Reached skill level 8 in Unarmed Combat
  8726 | D:8      | Noticed a two-headed ogre
  8744 | D:8      | Killed a two-headed ogre
  8744 | D:8      | Reached XP level 10. HP: 65/74 MP: 2/13
  9026 | D:8      | Noticed Prince Ribbit
  9164 | D:8      | Identified a scroll of acquirement
  9335 | D:8      | Killed Prince Ribbit
  9354 | D:9      | Noticed Joseph
  9361 | D:9      | Killed Joseph
  9746 | D:9      | Noticed Psyche
  9789 | D:9      | Killed Psyche
  9789 | D:9      | Reached skill level 9 in Unarmed Combat
  9966 | D:9      | Reached ** piety under Ashenzari
 10212 | D:9      | Reached skill level 5 in Spellcasting
 10280 | D:10     | Entered Level 10 of the Dungeon
 10395 | D:10     | Noticed a brown ugly thing
 10875 | D:10     | HP: 2/88 [centaur/arrow (5)]
 10878 | D:10     | Shot with an arrow by a centaur

Skill      XL: |  1  2  3  4  5  6  7  8  9 10 |
---------------+-------------------------------+-----
Unarmed Combat | 4 5 6 8 9 |  9.3
Poison Magic   | 4 5 |  5.0
Dodging        | 2 4 5 |  5.4
Transmutations | 4 5 |  5.5
Ice Magic      | 3 4 |  4.6
Fighting       | 4 5 |  5.9
Shields        | 3 4 |  4.0
Spellcasting   | 5 |  5.4

Action                   |  1- 3 |  4- 6 |  7- 9 | 10-12 || total
-------------------------+-------+-------+-------+-------++-------
Melee: Unarmed           |   109 |   162 |   451 |   125 ||   847
       Tailslap          |    12 |     7 |    41 |     6 ||    66
       Headbutt          |     1 |       |    10 |       ||    11
       Kick              |     7 |       |     1 |     1 ||     9
       Punch             |     1 |     2 |     9 |       ||    12
 Cast: Beastly Appendage |    11 |     5 |     5 |     1 ||    22
       Sticks to Snakes  |     2 |    19 |     7 |       ||    28
       Spider Form       |     1 |     5 |     6 |       ||    12
       Ice Form          |       |       |     8 |    11 ||    19
Invok: Curse Item        |       |       |     1 |       ||     1
 Abil: Breathe Noxious F |       |       |     9 |     4 ||    13
       End Transformatio |       |       |     1 |     1 ||     2
       Fly               |       |       |     2 |       ||     2
       Stop Flying       |       |       |     1 |       ||     1
  Use: Potion            |     6 |     5 |     9 |     4 ||    24
       Scroll            |     4 |     1 |     4 |     4 ||    13
 Stab: Sleeping          |     2 |       |     1 |       ||     3
       Distracted        |       |       |     2 |     1 ||     3
       Invisible         |       |       |     4 |       ||     4
       Confused          |       |       |     3 |       ||     3
  Eat: Chunk             |     1 |     1 |     4 |       ||     6
       Bread ration      |     1 |       |     4 |       ||     5
       Meat ration       |       |     1 |       |     2 ||     3
       Royal jelly       |       |       |       |     2 ||     2
Armor: Skin              |    34 |    26 |   127 |    21 ||   208
Dodge: Dodged            |    62 |   126 |   291 |    53 ||   532
Block: Other             |       |       |    39 |    17 ||    56
       Buckler           |       |       |     7 |    17 ||    24
